 Dungeon Sprint DCSS version 0.23.0-3-gf3c87f2 (webtiles) character file.

Game seed: 1135519028735855978

18172 Arum the Devastator (level 12, -3/59 HPs)
             Began as a Tengu Air Elementalist on Feb 24, 2019.
             Was the Champion of Vehumet.
             Shot with a bolt by a yaktaur (36 damage)
             ... in the Dungeon (Sprint IX: "|||||||||||||||||||||||||||||").
             The game lasted 00:12:02 (3057 turns).

Arum the Devastator (Tengu Air Elementalist)        Turns: 3057, Time: 00:12:02

Health: -3/59      AC:  4    Str: 11    XL:     12   Next: 55%
Magic:  19/31      EV: 27    Int: 21    God:    Vehumet [******]
Gold:   1550       SH:  0    Dex: 18    Spells: 18/39 levels left

rFire    . . .     SeeInvis .   n - staff of energy
rCold    . . .     Gourm    .   (no shield)
rNeg     . . .     Faith    .   a - +0 robe
rPois    .         Spirit   .   (helmet restricted)
rElec    .         Reflect  .   B - +1 cloak
rCorr    .         Harm     .   (no gloves)
MR       .....     NoTele   +   (boots unavailable)
Stlth    ++........             (no amulet)
HPRegen  0.19/turn              q - +3 ring of dexterity
MPRegen  0.22/turn              p - +3 ring of strength

@: no status effects
A: beak, talons 3, able to fly
a: Fly, Renounce Religion


You were in the Dungeon.
You worshipped Vehumet.
Vehumet was exalted by your worship.
You were hungry.

You visited 1 branch You collected 1900 gold pieces.
You spent 350 gold pieces at shops.

Inventory:

Missiles
 u - 7 steel javelins (quivered)
Armour
 a - a +0 robe (worn)
 j - the +2 ring mail of Zunina {rN+}
   (You found it in the Dungeon)

   It protects you from negative energy.
 o - a +0 cloak
 B - a +1 cloak (worn)
Magical Staves
 n - an uncursed staff of energy (weapon)
Jewellery
 p - a +3 ring of strength (right hand)
 q - a +3 ring of dexterity (left hand)
 x - an uncursed ring of fire
 y - an uncursed ring of poison resistance
 z - an uncursed ring of protection from fire
 A - an uncursed ring of ice
Wands
 m - a wand of acid (3)
Scrolls
 i - 3 scrolls of blinking
 k - 4 scrolls of remove curse
 l - 2 scrolls of amnesia
 r - 2 scrolls of identify
 s - 2 scrolls of fear
 t - 4 scrolls of enchant armour
 E - a scroll of fog
Potions
 b - 6 potions of heal wounds
 d - 10 potions of curing
 e - a potion of invisibility
 f - a potion of haste
 g - 4 potions of magic
 h - 2 potions of berserk rage
 v - a potion of lignification
 w - 3 potions of brilliance
 C - a potion of might
 D - a potion of resistance
Comestibles
 c - 14 rations


   Skills:
 + Level 17.7 Dodging
 - Level 2.0 Stealth
 + Level 14.4 Spellcasting
 + Level 19.2 Conjurations
 + Level 18.6 Air Magic


You had 18 spell levels left.
You knew the following spells:

 Your Spells              Type           Power        Failure   Level  Hunger
a - Shock                 Conj/Air       ####         0%          1    None
b - Lightning Bolt        Conj/Air       #######...   1%          5    None
c - Airstrike             Air            #######...   0%          4    None
d - Throw Icicle          Conj/Ice       ######..     1%          4    None
e - Orb of Destruction    Conj           #######...   1%          7    None

Your spell library contained the following spells:

 Spells                   Type           Power        Failure   Level  Hunger
 Ozocubu's Refrigeration  Ice            ###.......   80%         6    None
 Static Discharge         Conj/Air       #######.     0%          3    None
 Swiftness                Chrm/Air       ######..     1%          2    None


Dungeon Overview and Level Annotations

Branches:
Dungeon (1/1)

Altars:
Cheibriados
Dithmenos
Elyvilon
Fedhas
Gozag
Hepliaklqana
Kikubaaqudgha
Makhleb
Nemelex Xobeh
Okawaru
Qazlal
Ru
Sif Muna
Trog
Uskayaw
Vehumet
Wu Jian
Xom
Yredelemnul
Zin
The Shining One
Beogh
Jiyva
Lugonu

Shops:
D *[}!


Innate Abilities, Weirdness & Mutations

You have a beak for a mouth.
You have claws for feet.
You can fly continuously.


Message History

The yaktaur shouts!
The yaktaur wields a +0 arbalest.
The yaktaur shoots a bolt.
The bolt hits you!!
You see here a +2 ring mail.
Casting: Orb of Destruction (safe; 1% risk of failure)
Confirm with . or Enter, or press ? or * to list all spells.
Aiming: Orb of Destruction (safe; 1% risk of failure)
Press: ? - help, Shift-Dir - straight line, f - yaktaur
Aim: a yaktaur, wielding a +0 arbalest Your orb of destruction hits an unnaturally hard rock wall.
Casting: Orb of Destruction (safe; 1% risk of failure)
Confirm with . or Enter, or press ? or * to list all spells.
Aiming: Lightning Bolt (safe; 1% risk of failure)
Press: ? - help, Shift-Dir - straight line, f/p - yaktaur
Aim: a yaktaur, wielding a +0 arbalest You hear a mighty clap of thunder!
The bolt of lightning misses the yaktaur.
The yaktaur shoots a bolt.
The bolt hits you!!!
Ouch! That really hurt!
You die...

▓)▓.▓)▓.▓.▓.▓_▓
▓)▓.▓)▓(▓.▓.▓_▓
▓)▓.▓)▓(▓.▓.▓_▓
▓)▓.▓)▓.▓.▓.▓_▓
▓)▓.▓)▓.▓'▓.▓_▓
▓)▓.▓)▓.▓.▓.▓_▓
▓.▓.▓.▓.▓.▓.▓_▓
▓[▓.▓.▓.▓.▓.▓_▓
▓@▓.▓.▓.▓.▓.▓_▓
▓○▓.▓.▓.▓.▓.▓_▓
▓)▓.▓'▓.▓.▓.▓_▓
▓[▓.▓[▓.▓.▓.▓_▓
▓[▓.▓)▓.▓.▓.▓_▓
▓[▓.▓)▓.▓.▓.▓_▓
▓.▓.▓)▓.▓'▓.▓_▓
▓c▓.▓.▓.▓.▓.▓_▓
▓.▓.▓)▓.▓.▓.▓_▓


You could see a yaktaur.

Vanquished Creatures
  A fire dragon (D)
  A rakshasa (D)
  A hydra (D)
  A two-headed ogre (D)
  A centaur warrior (D)
  A catoblepas (D)
  Urug (D)
  A lindwurm (D)
  7 orc knights (D)
  A deep elf mage (D)
  3 orc sorcerers (D)
  A manticore (D)
  3 ugly things (D)
  Joseph (D)
  4 spiny frogs (D)
  2 gargoyles (D)
  A slime creature (D)
  2 tyrant leeches (D)
  2 blink frogs (D)
  3 hippogriffs (D)
  A wyvern (D)
  A yak (D)
  A basilisk (D)
  2 vampire mosquitoes (D)
  An acid dragon (D)
  2 porcupines (D)
  2 water moccasins (D)
  16 orc warriors (D)
  A phantom (D)
  A centaur (D)
  A crocodile (D)
  5 bullfrogs (D)
  A crimson imp (D)
  2 jellies (D)
  3 orc wizards (D)
  5 orc priests (D)
  3 hounds (D)
  A shadow imp (D)
  An adder skeleton (D)
  2 leopard geckos (D)
  4 orcs (D)
  A bat (D)
  2 bat zombies (D)
  2 goblins (D)
  A frilled lizard (D)
  A rat (D)
101 creatures vanquished.

Notes
Turn   | Place    | Note
-------+----------+-------------------------------------------
     0 | D        | Arum the Tengu Air Elementalist began the quest for the
                  | Orb.
     0 | D        | Reached XP level 1. HP: 10/10 MP: 4/4
     5 | D        | Reached skill level 2 in Conjurations
    10 | D        | Reached skill level 3 in Conjurations
    10 | D        | Reached XP level 2. HP: 13/15 MP: 0/6
    72 | D        | Reached skill level 5 in Conjurations
    72 | D        | Reached XP level 3. HP: 15/19 MP: 2/9
    73 | D        | Reached skill level 5 in Dodging
    73 | D        | Reached XP level 4. HP: 5/24 MP: 1/11
    75 | D        | Reached skill level 5 in Spellcasting
    75 | D        | Reached skill level 6 in Conjurations
    93 | D        | Found a roughly hewn altar of Beogh.
    93 | D        | Found a snail-covered altar of Cheibriados.
    93 | D        | Found a shadowy altar of Dithmenos.
    93 | D        | Found a white marble altar of Elyvilon.
    93 | D        | Found a blossoming altar of Fedhas.
    93 | D        | Found an opulent altar of Gozag.
    94 | D        | Found a hazy altar of Hepliaklqana.
    95 | D        | Found a viscous altar of Jiyva.
    96 | D        | Found an ancient bone altar of Kikubaaqudgha.
    97 | D        | Found a corrupted altar of Lugonu.
    98 | D        | Found a burning altar of Makhleb.
    99 | D        | Found a sparkling altar of Nemelex Xobeh.
   100 | D        | Found an iron altar of Okawaru.
   101 | D        | Found a stormy altar of Qazlal.
   102 | D        | Found a sacrificial altar of Ru.
   103 | D        | Found a deep blue altar of Sif Muna.
   104 | D        | Found a bloodstained altar of Trog.
   105 | D        | Found a hide-covered altar of Uskayaw.
   106 | D        | Found a radiant altar of Vehumet.
   107 | D        | Found an ornate altar of the Wu Jian Council.
   108 | D        | Found a shimmering altar of Xom.
   109 | D        | Found a basalt altar of Yredelemnul.
   110 | D        | Found a glowing silver altar of Zin.
   111 | D        | Found a glowing golden altar of the Shining One.
   114 | D        | Became a worshipper of Vehumet
   131 | D        | Found the +8 mithril axe "Arga" {speed, MR+}
   220 | D        | Noticed a bullfrog
   220 | D        | Noticed a phantom
   220 | D        | Noticed a two-headed ogre
   220 | D        | Noticed a bullfrog
   227 | D        | Reached skill level 7 in Conjurations
   227 | D        | Gained mutation: You can fly continuously. [Tengu growth]
   227 | D        | Reached XP level 5. HP: 15/28 MP: 5/13
   227 | D        | Reached * piety under Vehumet
   227 | D        | Offered knowledge of Sandblast by Vehumet.
   227 | D        | Reached skill level 5 in Air Magic
   227 | D        | Reached skill level 8 in Conjurations
   227 | D        | Reached XP level 6. HP: 18/32 MP: 8/16
   230 | D        | Killed a two-headed ogre
   230 | D        | Reached skill level 10 in Conjurations
   230 | D        | Reached XP level 7. HP: 20/36 MP: 12/19
   230 | D        | Reached XP level 8. HP: 23/41 MP: 12/20
   237 | D        | Reached ** piety under Vehumet
   237 | D        | Reached skill level 11 in Conjurations
   442 | D        | Noticed a purple ugly thing
   442 | D        | Noticed a slime creature
   446 | D        | Offered knowledge of Sting by Vehumet.
   450 | D        | Reached *** piety under Vehumet
   450 | D        | Reached skill level 10 in Air Magic
   454 | D        | Killed a slime creature
   459 | D        | Killed a purple ugly thing
   459 | D        | Reached skill level 12 in Conjurations
   459 | D        | Reached XP level 9. HP: 23/45 MP: 21/23
   609 | D        | Learned a level 5 spell: Lightning Bolt
   614 | D        | Learned a level 4 spell: Airstrike
   714 | D        | Got the +2 ring mail of Zunina {rN+}
   727 | D        | Noticed a six-headed hydra
   728 | D        | Offered knowledge of Throw Frost by Vehumet.
   729 | D        | Reached **** piety under Vehumet
   732 | D        | Reached skill level 13 in Conjurations
   732 | D        | Killed a six-headed hydra
   732 | D        | Reached ***** piety under Vehumet
   732 | D        | Reached skill level 10 in Spellcasting
   732 | D        | Noticed a spiny frog
   833 | D        | Killed a spiny frog
   833 | D        | Reached skill level 14 in Conjurations
   833 | D        | Reached XP level 10. HP: 50/50 MP: 6/25
   940 | D        | Noticed a spiny frog
   940 | D        | Noticed a lindwurm
   941 | D        | Offered knowledge of Throw Icicle by Vehumet.
   943 | D        | Killed a lindwurm
   945 | D        | Killed a spiny frog
   945 | D        | Reached skill level 15 in Conjurations
   945 | D        | Noticed a spiny frog
   952 | D        | Learned a level 4 spell: Throw Icicle
  1056 | D        | Offered knowledge of Fulminant Prism by Vehumet.
  1056 | D        | Killed a spiny frog
  1056 | D        | Reached ****** piety under Vehumet
  1097 | D        | Noticed a spiny frog
  1098 | D        | Killed a spiny frog
  1100 | D        | Reached skill level 15 in Dodging
  1101 | D        | Reached skill level 15 in Air Magic
  1102 | D        | Reached XP level 11. HP: 54/54 MP: 9/27
  1276 | D        | Noticed Urug
  1325 | D        | Killed Urug
  1325 | D        | Offered knowledge of Freezing Cloud by Vehumet.
  1325 | D        | Reached skill level 16 in Conjurations
  1508 | D        | Noticed Joseph
  1512 | D        | Killed Joseph
  1642 | D        | Offered knowledge of Sticky Flame by Vehumet.
  1785 | D        | Noticed an orc sorcerer
  1785 | D        | Noticed an orc sorcerer
  1787 | D        | Noticed an orc knight
  1787 | D        | Killed an orc sorcerer
  1788 | D        | Killed an orc sorcerer
  1791 | D        | Noticed an orc sorcerer
  1806 | D        | Killed an orc sorcerer
  1819 | D        | Killed an orc knight
  1819 | D        | Offered knowledge of Orb of Destruction by Vehumet.
  1819 | D        | Reached skill level 17 in Conjurations
  2078 | D        | Learned a level 7 spell: Orb of Destruction
  2081 | D        | Found Loru's General Store.
  2081 | D        | Noticed an orc knight
  2081 | D        | Noticed an orc knight
  2085 | D        | Noticed an orc knight
  2085 | D        | Killed an orc knight
  2086 | D        | Killed an orc knight
  2086 | D        | Offered knowledge of Irradiate by Vehumet.
  2087 | D        | Killed an orc knight
  2096 | D        | Noticed an orc knight
  2099 | D        | Noticed an orc knight
  2121 | D        | Killed an orc knight
  2266 | D        | Killed an orc knight
  2526 | D        | Reached skill level 18 in Conjurations
  2526 | D        | Reached XP level 12. HP: 59/59 MP: 24/30
  2662 | D        | Found Gowimi's Armour Shoppe.
  2666 | D        | Found Piof's Gadget Emporium.
  2732 | D        | Found Qunkekk's Distillery.
  2743 | D        | Bought a potion of brilliance for 56 gold pieces
  2743 | D        | Bought a potion of heal wounds for 70 gold pieces
  2743 | D        | Bought a potion of heal wounds for 70 gold pieces
  2743 | D        | Bought a potion of curing for 42 gold pieces
  2743 | D        | Bought a potion of curing for 42 gold pieces
  2743 | D        | Bought a potion of heal wounds for 70 gold pieces
  2896 | D        | Noticed a catoblepas
  2899 | D        | Noticed a fire dragon
  2902 | D        | Killed a catoblepas
  2902 | D        | Offered knowledge of Ozocubu's Refrigeration by Vehumet.
  2902 | D        | Killed a fire dragon
  2902 | D        | Noticed a centaur warrior
  2905 | D        | Killed a centaur warrior
  2906 | D        | Reached skill level 19 in Conjurations
  2910 | D        | Noticed a rakshasa
  2945 | D        | Killed a rakshasa
  3057 | D        | Shot with a bolt by a yaktaur

Skill      XL: |  1  2  3  4  5  6  7  8  9 10 11 12 |
---------------+-------------------------------------+-----
Conjurations   | 3 5 7 8 10 12 14 15 18 19 | 19.2
Dodging        | 3 4 5 6 8 11 12 13 15 16 17 | 17.7
Spellcasting   | 3 4 5 6 7 9 10 11 13 14 | 14.4
Air Magic      | 6 9 11 13 15 17 18 | 18.6
Stealth        | |  2.0

Action                   |  1- 3 |  4- 6 |  7- 9 | 10-12 || total
-------------------------+-------+-------+-------+-------++-------
Melee: Unarmed           |     3 |       |       |       ||     3
       Kick              |     1 |       |       |     2 ||     3
       Staff             |       |       |       |     5 ||     5
       Peck              |       |       |       |     1 ||     1
 Cast: Shock             |     7 |    10 |    16 |     5 ||    38
       Lightning Bolt    |       |       |     5 |    72 ||    77
       Airstrike         |       |       |     4 |     7 ||    11
       Orb of Destructio |       |       |       |     5 ||     5
Evoke: Wand              |       |     1 |     6 |       ||     7
       Staff of energy   |       |       |       |     3 ||     3
  Use: Potion            |       |     1 |     2 |     1 ||     4
  Eat: Chunk             |       |       |       |     6 ||     6
Armor: Robe              |       |     1 |       |     2 ||     3
Dodge: Dodged            |     8 |     5 |    14 |    38 ||    65
